 Dungeon Crawl Stone Soup version 0.31.0-11-ge490571c62 (webtiles) character file.

Game seed: 6140151723237028038

3995 qw the Markself (level 10, -13/60 HPs)
             Began as a Deep Elf Hunter on Feb 4, 2024.
             Was a Follower of Okawaru.
             Mangled by a komodo dragon (24 damage)
             ... on level 7 of the Dungeon.
             The game lasted 00:02:48 (5557 turns).

qw the Markself (Deep Elf Hunter)                   Turns: 5557, Time: 00:02:48

Health: -13/60     AC: 14    Str:  9    XL:     10   Next: 3%
Magic:  13/13      EV: 19    Int: 15    God:    Okawaru [*.....]
Gold:   174        SH:  0    Dex: 18    Spells: 9/9 levels left

rFire   . . .        b - +0 orcbow
rCold   . . .        (shield currently unavailable)
rNeg    + . .        p - +1 ring mail
rPois   +            g - +2 helmet
rElec   .            j - +0 cloak of Deecolat {rPois rN+ Str-3}
rCorr   .            (no gloves)
SInv    .            (no boots)
Will    +....        (no amulet)
Stlth   +            e - +5 ring of evasion
HPRegen 0.30/turn    h - +4 ring of protection
MPRegen 0.13/turn

%: no passive effects
@: no status effects
A: no striking features
a: Renounce Religion, Heroism


You were on level 7 of the Dungeon.
You worshipped Okawaru.
Okawaru was aware of your devotion.
You visited 2 branches of the dungeon, and saw 8 of its levels.

You collected 343 gold pieces.
You spent 169 gold pieces at shops.


   Skills:
 + Level 5.8 Fighting
 - Level 16.0 Ranged Weapons
 - Level 2.3 Armour
 - Level 8.1 Dodging
 - Level 1.2 Stealth
 + Level 2.2 Invocations


You had 9 spell levels left.
You didn't know any spells.
Your spell library was empty.

Inventory:

Hand Weapons
 b - a +0 orcbow (weapon)
Armour
 g - a +2 helmet (worn)
 j - the +0 cloak of Deecolat (worn) {rPois rN+ Str-3}
   (You found it on level 6 of the Dungeon)

   Str-3:     It affects your strength (-3).
   rPois:     It protects you from poison rN+: It protects you from negative
   energy.
 n - a +0 cloak
 p - a +1 ring mail (worn)
Jewellery
 e - a +5 ring of evasion (left hand)
 h - a +4 ring of protection (right hand)
 l - a +6 ring of dexterity
 m - a ring of protection from fire
Wands
 k - a wand of charming (8)
Potions
 a - a potion of invisibility {unknown}
 c - a potion of enlightenment {unknown}
 d - a potion of might
 f - 3 potions of curing
 i - a potion of attraction {unknown}

Dungeon Overview and Level Annotations

Branches:
Dungeon (7/15)             Temple (1/1) D:7

Altars:
Ashenzari
Cheibriados
Dithmenos
Elyvilon
Gozag
Hepliaklqana
Kikubaaqudgha
Makhleb
Okawaru
Qazlal
Ru
Sif Muna
Trog
Uskayaw
Vehumet
Wu Jian
Xom
Yredelemnul
The Shining One

Shops:
D:3 :((=*

Annotations:
D:5 2 transporters


Message History

An ogre comes into view. It is wielding a +0 giant club.
Your Invocations skill increases to level 2!
You shoot an arrow. The arrow hits the ogre!
The ogre is heavily wounded.
You hear a bellow!
You shoot an arrow. The arrow hits the ogre.
The ogre is heavily wounded.
You shoot an arrow. The arrow closely misses the ogre.
The ogre completely misses you.
You shoot an arrow. The arrow closely misses the ogre.
The ogre completely misses you.
You shoot an arrow. The arrow barely misses the ogre.
A centaur comes into view.
You shoot an arrow. The arrow hits the ogre!
The ogre is almost dead.
You shoot an arrow.
The arrow hits the komodo dragon but does no damage.
A jelly comes into view.
You shoot an arrow.
The arrow closely misses the komodo dragon.
The komodo dragon bites you!!
You hear an angry hiss.
You shoot an arrow.
The arrow hits the komodo dragon but does no damage.
The komodo dragon completely misses you.
You shoot an arrow. The arrow hits the komodo dragon!
The komodo dragon is moderately wounded.
A yak comes into view.
The komodo dragon closely misses you.
You shoot an arrow. The arrow hits the komodo dragon.
The komodo dragon is heavily wounded.
An iguana comes into view.
The komodo dragon closely misses you.
Enter note:
Enter note:
Enter note: You shoot an arrow.
The arrow hits the komodo dragon!
The komodo dragon is severely wounded.
The komodo dragon bites you!!
You die...

....................
..#.######.#
....########.###########..
#.# ....#...............
### #.#
.##.#.77777...77777. #.#
#.# .##.# 7.7.7 #.# #.#
.##.#.77777...77777.
#.###.#
..).#...............
#.....#
..#.#######7.7######
#.....# ....#
7......l..@l7 #.###.#
..#.#7.###########c7
#....># ....# ' J. #.....#
....# ## #.###.# ..#.# #.#
#.# ..#># ## ## #.# #.#
....# .7 7. #.# #.# ....#
.7 7. #.# #.# .#### .#.
#.# .#


You could see a komodo dragon, a centaur, an iguana and a jelly.

Vanquished Creatures
  Pikel (D:7)
  Maggie (D:6)
  Prince Ribbit (D:6)
  A yak (D:7)
  A wyvern (D:7)
  A steam dragon (D:7)
  2 water moccasins
  An orc warrior (D:6)
  3 ice beasts
  A sky beast (D:6)
  4 ogres
  A centaur (D:6)
  3 lemures (D:7)
  A kobold brigand (D:5)
  3 scorpions
  2 bullfrogs
  5 killer bees (D:6)
  4 howler monkeys (D:7)
  A bombardier beetle (D:5)
  A gnoll bouda (D:5)
  A hound (D:6)
  2 jellies (D:7)
  An orc priest (D:6)
  A sleepcap (D:6)
  5 iguanas
  5 orc wizards (D:6)
  6 gnolls
  8 adders
  A shadow imp (D:7)
  A white imp (D:7)
  3 dart slugs
  4 ribbon worms
  24 orcs
  9 endoplasms
  A giant cockroach (D:2)
  4 goblins
  4 hobgoblins
  3 quokkas
  5 ball pythons
  4 bats
  6 frilled lizards
  16 kobolds
  A rat (D:1)
153 creatures vanquished.

Vanquished Creatures (others)
  An orc wizard (D:6)
1 creature vanquished.

Grand Total: 154 creatures vanquished

Notes
Turn   | Place    | Note
-------+----------+-------------------------------------------
     0 | D:1      | qw the Deep Elf Hunter began the quest for the Orb.
     0 | D:1      | Reached XP level 1. HP: 12/12 MP: 3/3
     0 | D:1      | 0 ||| qw: Version: 0.3-a-160-g6735b56
     0 | D:1      | 0 ||| qw: Game counter: 5937
     0 | D:1      | 0 ||| qw: Melee chars always use a shield: true
     0 | D:1      | 0 ||| qw: God list: Okawaru
     0 | D:1      | 0 ||| qw: Allow faded altars: false
     0 | D:1      | 0 ||| qw: Do Orc after clearing Dungeon:15 true
     0 | D:1      | 0 ||| qw: Do second Lair branch before Depths: true
     0 | D:1      | 0 ||| qw: Lair rune preference: random
     0 | D:1      | 0 ||| qw: Goals: Normal
     0 | D:1      | 0 ||| PLANNING D:1-11
    65 | D:1      | Reached XP level 2. HP: 16/16 MP: 4/4
   117 | D:1      | Reached skill level 6 in Ranged Weapons
   468 | D:1      | Reached XP level 3. HP: 20/20 MP: 5/5
   644 | D:1      | 644 ||| UPGRADING to ring of willpower.
   645 | D:1      | 645 ||| UPGRADING to ring of protection from cold.
   646 | D:1      | 646 ||| READING 2 scrolls labelled AXUANU REXTU.
   646 | D:1      | 646 ||| IDENTIFYING bubbling golden potion
   647 | D:1      | 647 ||| READING scroll of identify.
   647 | D:1      | 647 ||| IDENTIFYING emerald potion
   648 | D:1      | 648 ||| DRINKING potion of experience.
   648 | D:1      | Reached skill level 14 in Ranged Weapons
   648 | D:1      | Reached XP level 4. HP: 25/25 MP: 6/6
   649 | D:1      | 649 ||| DROPPING scroll of butterflies.
   774 | D:2      | Noticed an ogre
   785 | D:2      | Killed an ogre
   786 | D:2      | Reached skill level 3 in Dodging
   786 | D:2      | Reached XP level 5. HP: 29/29 MP: 7/7
   922 | D:2      | Identified the +1 demon blade of Beogh's Regard {freeze,
                  | rPois}
   992 | D:2      | 992 ||| DROPPING amulet of magic regeneration.
   993 | D:2      | 993 ||| UPGRADING to ring of protection from fire.
   995 | D:2      | 995 ||| READING 4 scrolls of identify.
   995 | D:2      | 995 ||| IDENTIFYING black potion
   996 | D:2      | 996 ||| READING 3 scrolls of identify.
   996 | D:2      | 996 ||| IDENTIFYING glowing yellow potion
   997 | D:2      | 997 ||| READING 2 scrolls of identify.
   997 | D:2      | 997 ||| IDENTIFYING 2 yellow potions
   998 | D:2      | 998 ||| READING scroll of identify.
   998 | D:2      | 998 ||| IDENTIFYING 2 smoky clear potions
   999 | D:2      | 999 ||| DROPPING potion of brilliance.
  1000 | D:2      | 1000 ||| DROPPING 2 potions of ambrosia.
  1001 | D:2      | 1001 ||| DROPPING potion of magic.
  1040 | D:3      | Found Elow's Book Shoppe.
  1116 | D:3      | Found Oshrafal's Weapon Shop.
  1374 | D:3      | Found a faded altar of an unknown god.
  1478 | D:3      | Found Xeguh Etz's Assorted Antiques.
  1487 | D:3      | 1487 ||| BUYING embroidered hat (133 gold).
  1487 | D:3      | Bought an embroidered hat for 133 gold pieces
  1487 | D:3      | 1487 ||| BUYING murky orange potion (17 gold).
  1487 | D:3      | Bought a murky orange potion for 17 gold pieces
  1487 | D:3      | 1487 ||| SHOPLISTING potion of heal wounds (95 gold, have
                  | 25).
  1487 | D:3      | 1487 ||| BUYING scroll labelled VOOXKA YTISSAN (19 gold).
  1487 | D:3      | Bought a scroll labelled VOOXKA YTISSAN for 19 gold pieces
  1487 | D:3      | 1487 ||| SHOPLISTING scroll labelled WOMEIT FATO (19 gold,
                  | have 6).
  1575 | D:3      | Found Oloifeal's Weapon Emporium.
  1594 | D:3      | 1594 ||| SHOPLISTING +7 sling (462 gold, have 19).
  1594 | D:3      | Found Nuek's Jewellery Shop.
  1602 | D:3      | 1602 ||| SHOPLISTING amulet of faith (480 gold, have 27).
  1602 | D:3      | 1602 ||| SHOPLISTING amulet of guardian spirit (360 gold,
                  | have 27).
  1602 | D:3      | 1602 ||| SHOPLISTING amulet of regeneration (360 gold, have
                  | 27).
  1602 | D:3      | 1602 ||| SHOPLISTING ring of poison resistance (240 gold,
                  | have 27).
  1602 | D:3      | 1602 ||| SHOPLISTING ring of protection from fire (300
                  | gold, have 27).
  1602 | D:3      | 1602 ||| SHOPLISTING ring of see invisible (180 gold, have
                  | 27).
  1859 | D:3      | 1859 ||| UPGRADING to +2 hat.
  1864 | D:3      | 1864 ||| UPGRADING to +0 ring mail.
  1874 | D:3      | 1874 ||| DROPPING +0 leather armour.
  1875 | D:3      | 1875 ||| UPGRADING to +4 ring of protection.
  1877 | D:3      | 1877 ||| READING 2 scrolls of identify.
  1877 | D:3      | 1877 ||| IDENTIFYING fuming yellow potion
  1878 | D:3      | 1878 ||| READING scroll of identify.
  1878 | D:3      | 1878 ||| IDENTIFYING murky orange potion
  1879 | D:3      | 1879 ||| READING scroll labelled DEAWNE JOEC.
  1880 | D:3      | 1880 ||| READING scroll labelled VOOXKA YTISSAN.
  1880 | D:3      | 1880 ||| ENCHANTING +0 ring mail.
  1881 | D:3      | 1881 ||| READING scroll labelled QANIDU NIWADAM.
  1882 | D:3      | 1882 ||| READING scroll labelled AQAYNY PYMN.
  1885 | D:3      | 1885 ||| DROPPING potion of lignification.
  2139 | D:4      | Reached skill level 1 in Armour
  2256 | D:4      | Reached XP level 6. HP: 35/35 MP: 8/8
  2497 | D:4      | 2497 ||| READING scroll labelled ZAMNURCH UTIGH.
  2598 | D:4      | 2598 ||| READING scroll labelled GAURCH ELOHISMI.
  2624 | D:5      | Entered Level 5 of the Dungeon
  2651 | D:5      | Found a transporter.
  2665 | D:5      | 2665 ||| RETREEEEATING.
  2685 | D:5      | HP: 8/36 [gnoll/+0 spear[a gnoll bouda] (5)]
  2686 | D:5      | 2686 ||| READING scroll of teleportation.
  2687 | D:5      | 2687 ||| DRINKING 3 potions of heal wounds.
  2779 | D:5      | HP: 6/36 [iguana (10)]
  2780 | D:5      | 2780 ||| DRINKING 2 potions of heal wounds.
  2898 | D:5      | Reached skill level 3 in Fighting
  2905 | D:5      | 2905 ||| SWAPPING to +0 orcbow.
  2906 | D:5      | 2906 ||| DROPPING +0 shortbow.
  2939 | D:5      | Noticed an ice beast
  2949 | D:5      | Killed an ice beast
  2950 | D:5      | Reached XP level 7. HP: 33/41 MP: 9/9
  3202 | D:5      | Reached skill level 15 in Ranged Weapons
  3319 | D:5      | Found a transporter.
  3417 | D:5      | 3417 ||| UPGRADING to +2 helmet.
  3427 | D:5      | 3427 ||| DROPPING +2 hat.
  3428 | D:5      | 3428 ||| READING scroll labelled DESHYGROECH.
  3472 | D:6      | Noticed Maggie
  3490 | D:6      | Killed Maggie
  3491 | D:6      | Reached XP level 8. HP: 30/48 MP: 10/10
  3619 | D:6      | HP: 9/48 [killer bee (6)]
  3620 | D:6      | 3620 ||| DRINKING potion of heal wounds.
  3723 | D:6      | Found an ancient bone altar of Kikubaaqudgha.
  3892 | D:6      | HP: 12/48 [orc warrior/+0 halberd (7)]
  3894 | D:6      | Reached skill level 16 in Ranged Weapons
  3895 | D:6      | 3895 ||| FLEEEEING.
  3900 | D:6      | 3900 ||| FLEEEEING.
  3901 | D:6      | 3901 ||| FLEEEEING.
  3902 | D:6      | 3902 ||| FLEEEEING.
  3903 | D:6      | 3903 ||| FLEEEEING.
  3904 | D:6      | 3904 ||| FLEEEEING.
  3905 | D:6      | 3905 ||| FLEEEEING.
  3906 | D:6      | 3906 ||| FLEEEEING.
  3907 | D:6      | 3907 ||| FLEEEEING.
  3908 | D:6      | 3908 ||| FLEEEEING.
  3909 | D:6      | 3909 ||| FLEEEEING.
  3910 | D:6      | 3910 ||| FLEEEEING.
  3911 | D:6      | 3911 ||| FLEEEEING.
  3912 | D:6      | 3912 ||| FLEEEEING.
  3913 | D:6      | 3913 ||| FLEEEEING.
  3914 | D:6      | 3914 ||| FLEEEEING.
  3915 | D:6      | 3915 ||| FLEEEEING.
  3916 | D:6      | 3916 ||| FLEEEEING.
  3917 | D:6      | 3917 ||| FLEEEEING.
  3918 | D:6      | 3918 ||| FLEEEEING.
  3919 | D:6      | 3919 ||| FLEEEEING.
  3920 | D:6      | 3920 ||| FLEEEEING.
  3921 | D:6      | 3921 ||| FLEEEEING.
  3922 | D:6      | 3922 ||| FLEEEEING.
  3923 | D:6      | 3923 ||| FLEEEEING.
  3925 | D:6      | 3925 ||| FLEEEEING.
  3926 | D:6      | 3926 ||| FLEEEEING.
  3927 | D:6      | 3927 ||| FLEEEEING.
  3928 | D:6      | 3928 ||| STAIRDANCE
  4020 | D:5      | 4020 ||| UPGRADING to +5 ring of evasion.
  4022 | D:5      | 4022 ||| DROPPING ring of willpower.
  4023 | D:5      | 4023 ||| UPGRADING to +4 ring of protection.
  4025 | D:5      | 4025 ||| DROPPING ring of protection from cold.
  4028 | D:6      | 4028 ||| STAIRDANCE
  4128 | D:6      | 4128 ||| DRINKING 4 potions of curing.
  4128 | D:6      | 4128 ||| (to cure confusion)
  4138 | D:6      | Reached skill level 6 in Dodging
  4169 | D:6      | Identified the +0 cloak of Deecolat {rPois rN+ Str-3}
  4263 | D:6      | Noticed Prince Ribbit
  4281 | D:6      | Killed Prince Ribbit
  4282 | D:6      | Reached XP level 9. HP: 52/52 MP: 11/11
  4373 | D:6      | Found an opulent altar of Gozag.
  4447 | D:6      | 4447 ||| FLEEEEING.
  4448 | D:6      | 4448 ||| FLEEEEING.
  4449 | D:6      | 4449 ||| FLEEEEING.
  4496 | D:6      | Found a radiant altar of Vehumet.
  4502 | D:6      | Found a glowing golden altar of the Shining One.
  4875 | D:6      | 4875 ||| DROPPING scarf of invisibility.
  4876 | D:6      | 4876 ||| UPGRADING to +0 cloak of Deecolat {rPois rN+
                  | Str-3}.
  4968 | D:7      | Found a staircase to the Ecumenical Temple.
  4969 | D:7      | 4969 ||| PLANNING TEMPLE
  4979 | Temple   | Entered the Ecumenical Temple
  4980 | Temple   | 4980 ||| PLANNING OKAWARU WORSHIP
  4987 | Temple   | Became a worshipper of Warmaster Okawaru
  4988 | Temple   | 4988 ||| PLANNING D:1-11
  5044 | D:7      | 5044 ||| RETREEEEATING.
  5047 | D:7      | 5047 ||| RETREEEEATING.
  5048 | D:7      | 5048 ||| RETREEEEATING.
  5049 | D:7      | 5049 ||| RETREEEEATING.
  5050 | D:7      | 5050 ||| RETREEEEATING.
  5051 | D:7      | 5051 ||| RETREEEEATING.
  5052 | D:7      | 5052 ||| RETREEEEATING.
  5071 | D:7      | 5071 ||| FLEEEEING.
  5072 | D:7      | 5072 ||| FLEEEEING.
  5072 | D:7      | Noticed Pikel
  5073 | D:7      | 5073 ||| FLEEEEING.
  5074 | D:7      | 5074 ||| FLEEEEING.
  5075 | D:7      | 5075 ||| FLEEEEING.
  5076 | D:7      | 5076 ||| FLEEEEING.
  5077 | D:7      | 5077 ||| FLEEEEING.
  5078 | D:7      | 5078 ||| FLEEEEING.
  5079 | D:7      | 5079 ||| FLEEEEING.
  5080 | D:7      | 5080 ||| FLEEEEING.
  5081 | D:7      | 5081 ||| FLEEEEING.
  5082 | D:7      | 5082 ||| FLEEEEING.
  5084 | D:7      | 5084 ||| RETREEEEATING.
  5085 | D:7      | 5085 ||| RETREEEEATING.
  5086 | D:7      | 5086 ||| RETREEEEATING.
  5087 | D:7      | 5087 ||| RETREEEEATING.
  5088 | D:7      | 5088 ||| RETREEEEATING.
  5089 | D:7      | 5089 ||| RETREEEEATING.
  5090 | D:7      | 5090 ||| RETREEEEATING.
  5108 | D:7      | Killed Pikel
  5382 | D:7      | Found an ornate altar of the Wu Jian Council.
  5394 | D:7      | Reached * piety under Okawaru
  5525 | D:7      | Reached skill level 1 in Invocations
  5535 | D:7      | Reached XP level 10. HP: 32/60 MP: 11/13
  5553 | D:7      | HP: 10/60 [komodo dragon (27)]
  5557 | D:7      | Mangled by a komodo dragon

Levels and vault maps discovered:
D:1:      minmay_arrival_open_corners, layout_loops_ring, bh_walls_and_bars
D:2:      layout_basic
D:3:      layout_loops_ring, serial_rivers, chequers_serial_rivers_micro_b,
          chequers_serial_rivers_micro_b, chequers_serial_rivers_large_a,
          chequers_serial_rivers_room_b, hellmonk_ecumenical_altar_prayer_group,
          serial_shops, shop, shop, nicolae_lakefront_shop,
          nicolae_shop_peninsula, nicolae_shop_bloodbath_and_beyond,
          minmay_unequal
D:4:      layout_basic, minmay_misc_feat_nine_boxes
D:5:      gammafunk_steamed_eel, layout_loops_ring
D:6:      layout_basic, kennysheep_mini_moat, vehumet_altar_wand_db,
          nicolae_gozag_seed_capital, lemuel_doored_altar,
          minmay_misc_feat_enclosed, uniq_maggie, uniq_prince_ribbit1
D:7:      nzn_winding_woodlands_three_and_one
          [nzn_winding_woodlands_5x15_concentric,
          nzn_winding_woodlands_5x15_longhouse,
          nzn_winding_woodlands_5x15_split_checker,
          nzn_winding_woodlands_center_pierced_h], layout_basic,
          pdpol_wu_jian_five_deadly_venoms, kennysheep_mini,
          minmay_temple_entry_mini_moons, serial_shops, shop,
          corexii_mini_fake_secret_closet, uniq_pikel
Temple:   eino_temple_lava

Skill      XL: |  1  2  3  4  5  6  7  8  9 10 |
---------------+-------------------------------+-----
Ranged Weapons | 6 14 15 16 | 16.0
Dodging        | 3 4 5 6 8 |  8.1
Fighting       | 2 3 4 5 |  5.8
Armour         | 1 2 |  2.3
Invocations    | 1 2 |  2.2
Stealth        | |  1.2

Action                     |  1- 3 |  4- 6 |  7- 9 | 10-12 || total
---------------------------+-------+-------+-------+-------++-------
   Fire: Shortbow          |    60 |   204 |       |       ||   264
         Orcbow            |       |    10 |   317 |    23 ||   350
    Use: Scroll            |     2 |    13 |     1 |       ||    16
         Potion            |     1 |     2 |     2 |       ||     5
 Armour: Leather armour    |     7 |     5 |       |       ||    12
         Ring mail         |       |    68 |    89 |     4 ||   161
  Dodge: Dodged            |     9 |    52 |    99 |    13 ||   173

Table legend:
 A = Non-vault XP
 B = Vault XP
 C = Vault XP percentage of total XP
 D = Non-vault monster count
 E = Vault monster count
 F = Vault count percentage of total count
                 A         B        C        D         E       F
            +---------+---------+-------+---------+---------+-------
      Total |    3337 |    2315 |  41.0 |     134 |      17 |  11.3
            +---------+---------+-------+---------+---------+-------
        D:1 |      41 |       0 |   0.0 |      22 |       0 |   0.0
        D:2 |     161 |       0 |   0.0 |      14 |       0 |   0.0
        D:3 |      46 |       7 |  13.2 |      15 |       4 |  21.1
        D:4 |      79 |       0 |   0.0 |       6 |       0 |   0.0
        D:5 |     829 |       0 |   0.0 |      41 |       0 |   0.0
        D:6 |    1557 |     680 |  30.4 |      28 |       3 |   9.7
        D:7 |     624 |    1628 |  72.3 |       8 |      10 |  55.6
            +---------+---------+-------+---------+---------+-------
